 Dungeon Crawl Stone Soup version 0.31.0-9-g3a7656b989 (webtiles) character file.

Game seed: 13867577209164085841

87 qw the Shooter (level 4, 0/22 HPs)
             Began as a Spriggan Hunter on Feb 2, 2024.
             Succumbed to an adder's poison
             ... on level 3 of the Dungeon.
             The game lasted 00:00:30 (1521 turns).

qw the Shooter (Spriggan Hunter)                    Turns: 1521, Time: 00:00:31

Health: 0/22       AC:  2    Str:  7    XL:     4   Next: 28%
Magic:  5/5        EV: 20    Int: 10    God:
Gold:   142        SH:  0    Dex: 20    Spells: 3/3 levels left

rFire   . . .        a - +1 shortbow
rCold   . . .        (shield currently unavailable)
rNeg    . . .        c - +0 robe
rPois   .            (helmet restricted)
rElec   .            (no cloak)
rCorr   .            (gloves unavailable)
SInv    +            (boots unavailable)
Will    .....        (no amulet)
Stlth   ++           (no ring)
HPRegen 0.23/turn    (no ring)
MPRegen 0.09/turn

%: no passive effects
@: lethally poisoned (0 -> -5), about to teleport, very quick
A: very small, no large weapons, unfitting armour, see invisible, speed 3
a: no special abilities


You were on level 3 of the Dungeon.
You visited 1 branch of the dungeon, and saw 3 of its levels.

You collected 142 gold pieces.


Innate Abilities, Weirdness & Mutations

You are very small and have problems with some larger weapons.
You are too small for most types of armour.
You have supernaturally acute eyesight. (SInv)
You cover ground extremely quickly. (Speed+++)


   Skills:
 - Level 1.5 Fighting
 - Level 5.0 Ranged Weapons
 + Level 4.7 Dodging
 - Level 1.5 Stealth


You had 3 spell levels left.
You didn't know any spells.
Your spell library was empty.

Inventory:

Hand Weapons
 a - a +1 shortbow (weapon)
Armour
 c - a +0 robe (worn)

Dungeon Overview and Level Annotations

Branches:
Dungeon (3/15)

Altars:
Elyvilon


Message History

You feel sick.
You start resting.
You feel sick. x4
You are no longer poisoned.
HP restored.
You climb downwards.
The adder misses you. The kobold closely misses you. The adder misses you.
There is a stone staircase leading up here.
You shoot an arrow. The arrow hits the adder!
The adder is severely wounded.
The kobold misses you. The adder bites you. The kobold hits you with a +0 whip.
The adder misses you.
You shoot an arrow. The arrow hits the adder.
The adder is almost dead.
The adder completely misses you. The kobold hits you with a +0 whip.
You shoot an arrow. The arrow barely misses the adder.
The adder misses you. The kobold barely misses you.
You shoot an arrow.
The arrow hits the adder but does no damage.
The adder is severely wounded.
The adder misses you. The kobold misses you. The adder bites you.
You are poisoned.
The adder poisons you!
You shoot an arrow. The arrow closely misses the adder.
You feel sick. The adder closely misses you.
The kobold hits you with a +0 whip.
You shoot an arrow. The arrow hits the adder.
The adder is almost dead.
You feel sick. The adder completely misses you. The kobold closely misses you.
The adder bites you.
You are lethally poisoned!
The adder poisons you!
You shoot an arrow. The arrow barely misses the adder.
You feel sick. The kobold hits you with a +0 whip. The adder bites you.
1520 ||| READING scroll of teleportation.
As you read the scroll of teleportation, it crumbles to dust.
You feel strangely unstable.
You feel sick. The adder barely misses you. The kobold completely misses you.
The adder completely misses you.
You shoot an arrow. The arrow barely misses the adder.
You die...

...............
...............
...............
............[..
...............
...............
..#....S.......
......K@.#
#...........#
...............
..##..####..###
. #.. ..# ...
.# #.. . #.. ..


You could see an adder and a kobold.

Vanquished Creatures
  4 adders (D:2)
  3 ribbon worms (D:2)
  2 dart slugs (D:1)
  2 ball pythons (D:1)
  4 bats (D:1)
  An endoplasm (D:1)
  8 hobgoblins
  3 quokkas
  6 goblins
  4 kobolds
  2 rats
39 creatures vanquished.

Notes
Turn   | Place    | Note
-------+----------+-------------------------------------------
     0 | D:1      | qw the Spriggan Hunter began the quest for the Orb.
     0 | D:1      | Reached XP level 1. HP: 10/10 MP: 2/2
     0 | D:1      | 0 ||| qw: Version: 0.3-a-155-g5e7d8dd
     0 | D:1      | 0 ||| qw: Game counter: 2848
     0 | D:1      | 0 ||| qw: Melee chars always use a shield: true
     0 | D:1      | 0 ||| qw: God list: Okawaru
     0 | D:1      | 0 ||| qw: Allow faded altars: false
     0 | D:1      | 0 ||| qw: Do Orc after clearing Dungeon:15 true
     0 | D:1      | 0 ||| qw: Do second Lair branch before Depths: true
     0 | D:1      | 0 ||| qw: Lair rune preference: random
     0 | D:1      | 0 ||| qw: Goals: Normal
     0 | D:1      | 0 ||| PLANNING D:1-11
    31 | D:1      | Reached skill level 3 in Dodging
   181 | D:1      | Reached XP level 2. HP: 14/14 MP: 3/3
   614 | D:1      | Reached XP level 3. HP: 18/18 MP: 4/4
   855 | D:1      | 855 ||| READING scroll labelled NAROQY ATIRIUNK.
   855 | D:1      | 855 ||| ENCHANTING +0 shortbow.
   856 | D:1      | 856 ||| DRINKING 2 pink potions.
   857 | D:1      | 857 ||| DROPPING scroll of butterflies.
   858 | D:1      | 858 ||| DROPPING potion of attraction.
  1015 | D:2      | Found a white marble altar of Elyvilon.
  1114 | D:2      | Reached skill level 5 in Ranged Weapons
  1274 | D:2      | Reached XP level 4. HP: 20/22 MP: 5/5
  1364 | D:2      | 1364 ||| READING scroll labelled FAPTOD KIPPI.
  1365 | D:2      | 1365 ||| READING scroll labelled OCINAGUBOM.
  1365 | D:2      | 1365 ||| IDENTIFYING scroll labelled WAFOFU VOLO
  1367 | D:2      | 1367 ||| Stepping ~*~*~tactically~*~*~ (cloud).
  1455 | D:3      | 1455 ||| STAIRDANCE
  1519 | D:3      | HP: 5/22 [poisoned by an adder]
  1519 | D:3      | HP: 2/22 [adder (1)]
  1520 | D:3      | 1520 ||| READING scroll of teleportation.
  1521 | D:3      | Succumbed to an adder's poison

Levels and vault maps discovered:
D:1:      elethiomel_arrival_infinity_welcomes_careful_drivers, layout_basic,
          nrook_mini_vaults
D:2:      layout_rooms, basic_altar, minmay_pentomino_p2
D:3:      layout_rooms, corexii_shack, minmay_fountain_box, uniq_ijyb

Skill      XL: |  1  2  3 |
---------------+----------+-----
Dodging        | 3 4 |  4.7
Ranged Weapons | 5 |  5.0
Fighting       | |  1.5
Stealth        | |  1.5

Action                     |  1- 3 |  4- 6 || total
---------------------------+-------+-------++-------
   Fire: Shortbow          |   120 |    17 ||   137
    Use: Scroll            |     1 |     3 ||     4
         Potion            |     1 |       ||     1
 Armour: Robe              |     8 |    11 ||    19
  Dodge: Dodged            |    30 |    23 ||    53

Table legend:
 A = Non-vault XP
 B = Vault XP
 C = Vault XP percentage of total XP
 D = Non-vault monster count
 E = Vault monster count
 F = Vault count percentage of total count
                 A         B        C        D         E       F
            +---------+---------+-------+---------+---------+-------
      Total |     121 |       4 |   3.2 |      37 |       2 |   5.1
            +---------+---------+-------+---------+---------+-------
        D:1 |      44 |       0 |   0.0 |      23 |       0 |   0.0
        D:2 |      77 |       4 |   4.9 |      14 |       2 |  12.5
            +---------+---------+-------+---------+---------+-------
